 Dungeon Crawl Stone Soup version 0.17-a0-1378-g281efdd (webtiles) character file.

942 Steifyn the Shield-Bearer (level 7, -6/62 HPs)
             Began as a Minotaur Fighter on June 14, 2015.
             Was an Initiate of Gozag.
             Mangled by a hill giant
             ... wielding a +0 giant club
              (28 damage)
             ... on level 5 of the Dungeon.
             The game lasted 00:15:11 (2699 turns).

Steifyn the Shield-Bearer (Minotaur Fighter)        Turns: 2699, Time: 00:15:11

Health: -6/62      AC:  9    Str: 23    XL:     7   Next: 88%
Magic:  6/6        EV:  9    Int:  5    God:    Gozag
Gold:   567        SH: 10    Dex:  9    Spells: 0 memorised, 6 levels left

rFire  . . .     SeeInvis .     d - +1 whip (flame)
rCold  + . .     Clarity  .     b - +2 scale mail
rNeg   . . .     SustAt   .     c - +0 shield
rPois  .         Gourm    .     (helmet restricted)
rElec  .         Spirit   .     (no cloak)
rCorr  .         Warding  .     (no gloves)
rMut   .         Stasis   +     (no boots)
MR     .....                    n - amulet of stasis
Stlth  ..........               m - ring of protection from cold
                                l - ring of wizardry

@: not resistant to hostile enchantments, extremely unstealthy
A: retaliatory headbutt, horns 2
a: Potion Petition, Call Merchant, Bribe Branch, Renounce Religion


You were on level 5 of the Dungeon.
You worshipped Gozag.
Gozag was noncommittal.
You were not hungry.

You visited 1 branch of the dungeon, and saw 5 of its levels.

You collected 617 gold pieces.
You spent 50 gold pieces at shops.

Inventory:

Hand weapons
 a - a +0 war axe
 d - a +1 whip of flaming (weapon)
 h - a +0 war axe of freezing
Armour
 b - a +2 scale mail (worn)
 c - a +0 shield (worn)
Jewellery
 l - a ring of wizardry (left hand)
 m - a ring of protection from cold (right hand)
 n - an amulet of stasis (around neck)
Scrolls
 g - 5 scrolls of identify
 j - 3 scrolls of remove curse
 p - a scroll of recharging
 s - 3 scrolls of teleportation {unknown}
Potions
 f - 2 potions of curing
 k - a potion of poison {unknown}
 o - a potion of lignification {unknown}
Books
 t - a book of Death

   Spells                             Type                      Level
   a - Corpse Rot                     Necromancy                   2
   b - Sublimation of Blood           Necromancy                   2
   c - Agony                          Necromancy                   5
   d - Dispel Undead                  Necromancy                   5
   e - Excruciating Wounds            Charms/Necromancy            5
   f - Bolt of Draining               Conjuration/Necromancy       5
Comestibles
 e - 2 bread rations
 i - 4 meat rations
 q - 2 slices of pizza
 r - a royal jelly


   Skills:
 + Level 5.8 Fighting
 + Level 5.0 Axes
 + Level 1.0(3.2) Maces & Flails
 + Level 5.6 Armour
 + Level 4.0 Dodging
 + Level 6.8 Shields


You had 6 spell levels left.
You didn't know any spells.

Dungeon Overview and Level Annotations

Branches:
Dungeon (5/15)             Temple (0/1) D:4

Altars:
Ashenzari
Gozag

Shops:
D:4 %


Innate Abilities, Weirdness & Mutations

You reflexively headbutt those who attack you in melee.
You have a pair of horns on your head.


Message History

The hill giant hits you with a giant club!!
* * * LOW HITPOINT WARNING * * *
You block the hill giant's attack. You block the hill giant's attack.
Items here: ( )) [[ a hand axe; a leather armour; a trident; 4 tomahawks; a plate armour You see here an enchanted short sword.
You see here a club.
You see here a scroll of noise.
The hill giant closely misses you.
You hit the hill giant. You burn the hill giant.
The hill giant is lightly wounded.
The hill giant closely misses you.
You hit the hill giant. You burn the hill giant.
The hill giant is lightly wounded.
You hit the hill giant. You burn the hill giant.
The hill giant is moderately wounded.
The hill giant hits you with a giant club!!
You die...
Your body crumbles into a pile of gold.

.# #.# #.# #.# #.#### #.#
#.# #.)..# #.# #.# ####)#
#.# #.# #.# #.# #.# #.# #.#
#.# #.#
#.###.###############.#
#.###....C@...............#
#...)?....########.#.######
# #...#.###########.###.##
.......#.# #(.....##
##.####
####..##.#####.###.##
##.... #...........# ##<##
##.#### ##.##.#######
##.###.## ....... #..#...#
######### #.#.##.#


You could see a hill giant.

Vanquished Creatures
  Pikel (D:4)
  An orc warrior (D:5)
  2 slaves (D:4)
  A giant frog (D:3)
  An orc priest (D:4)
  2 orc wizards
  An iguana (D:4)
  2 worker ants (D:4)
  6 gnolls
  2 adders (D:3)
  An ooze (D:3)
  An adder skeleton (D:4)
  3 worms
  2 giant geckos (D:2)
  18 orcs
  2 ball pythons
  3 giant cockroaches
  7 goblins
  9 hobgoblins
  5 jackals
  5 kobolds
  A bat (D:1)
  7 giant newts
  8 rats
91 creatures vanquished.

Vanquished Creatures (others)
  A rat (D:4)
1 creature vanquished.

Grand Total: 92 creatures vanquished

Notes
Turn   | Place    | Note
--------------------------------------------------------------
     0 | D:1      | Steifyn the Minotaur Fighter began the quest for the Orb.
     0 | D:1      | Reached XP level 1. HP: 19/19 MP: 0/0
   178 | D:1      | Reached XP level 2. HP: 22/27 MP: 1/1
   179 | D:1      | Reached skill level 4 in Shields
   396 | D:2      | Found a faded altar to an unknown god.
   409 | D:2      | Became a worshipper of Gozag Ym Sagoz the Greedy
   774 | D:2      | Reached skill level 1 in Dodging
   774 | D:2      | Reached XP level 3. HP: 25/33 MP: 2/2
   810 | D:2      | HP: 1/33 [gnoll (5)]
  1106 | D:3      | Reached XP level 4. HP: 36/40 MP: 3/3
  1192 | D:3      | Noticed a giant frog
  1197 | D:3      | Killed a giant frog
  1197 | D:3      | Reached XP level 5. HP: 45/47 MP: 4/4
  1224 | D:3      | Reached skill level 5 in Shields
  1590 | D:4      | Noticed a slave
  1590 | D:4      | Noticed a slave
  1592 | D:4      | Noticed Pikel
  1595 | D:4      | Noticed a slave
  1604 | D:4      | Noticed a slave
  1610 | D:4      | Killed a slave
  1612 | D:4      | Killed a slave
  1615 | D:4      | Killed Pikel
  1615 | D:4      | Reached skill level 5 in Fighting
  1615 | D:4      | Reached skill level 5 in Armour
  1615 | D:4      | Reached skill level 6 in Shields
  1615 | D:4      | Reached XP level 6. HP: 16/56 MP: 5/5
  1615 | D:4      | Reached XP level 7. HP: 17/61 MP: 6/6
  1963 | D:4      | Found a staircase to the Ecumenical Temple.
  2158 | D:4      | Found a shattered altar of Ashenzari.
  2513 | D:4      | Found Tois's Food Shoppe.
  2521 | D:4      | Bought a slice of pizza for 15 gold pieces
  2521 | D:4      | Bought a royal jelly for 20 gold pieces
  2521 | D:4      | Bought a slice of pizza for 15 gold pieces
  2563 | D:5      | Entered Level 5 of the Dungeon
  2620 | D:5      | Reached skill level 5 in Axes
  2623 | D:5      | Reached skill level 1 in Maces & Flails
  2650 | D:5      | Noticed a hill giant
  2699 | D:5      | Mangled by a hill giant

Vault maps used:
D:1:      minmay_arrival_nine_rooms
D:2:      ecumenical_altar_2, minmay_misc_feat_tower
D:3:      minmay_misc_feat_square
D:4:      minmay_temple_entry_trees, serial_shops, shop_statue,
          cheibrodos_ashenzari_chains, uniq_pikel
D:5:      first_bread, uniq_sigmund, uniq_grinder, uniq_menkaure

Action                   |  1- 3 |  4- 6 |  7- 9 || total
-------------------------+-------+-------+-------++-------
Melee: War axe           |    79 |    65 |     4 ||   148
       Whip              |       |       |   111 ||   111
  Use: Scroll            |     4 |     4 |       ||     8
       Potion            |       |     3 |     1 ||     4
  Eat: Pizza             |     1 |       |       ||     1
       Bread ration      |       |       |     1 ||     1
